Map: Traitor's Exile

Players

SuperP

  • Race: Zerg Zerg
  • Spawn Location: 9:00

Monkey

  • Race: Terran Terran
  • Spawn Location: 12:00

Throwfordays

  • Race: Protoss Protoss
  • League: Silver
  • Spawn Location: 6:00

Faust

  • Race: Zerg Zerg
  • League: Diamond
  • Spawn Location: 5:00

VOD

Have the link to the VOD?

Description

Time

  • Played on: Feb. 6, 2019, 3:36 p.m.
  • Length: 5:33
Show
View Real Time Build Order
Export as new Build Order

SuperP Zerg 

Build Orders: Pool First 

Get SALT Encoding   

  12  0:01  Drone  
  13  0:08  Drone  
  14  0:15  Extractor  
  14  0:16  Drone  
  14  0:24  Overlord  
  14  0:43  Spawning Pool  
  14  0:46  Drone  
  14  0:51  Drone  
  14  0:55  Drone  
  16  1:05  Drone  
  17  1:13  Drone  
  18  1:19  Drone  
  19  1:29  Lair  
  19  1:33  Overlord  
  19  1:49  Zergling x2  
  20  1:57  Metabolic Boost  
  20  2:17  Overlord  
  20  2:18  Zergling x4  
  22  2:27  Queen  
  24  2:31  Zergling x2, Hatchery  
  24  2:58  Overlord  
  24  3:03  Queen  
  26  3:06  Nydus Network  
  26  3:09  Zergling x2  
  26  3:10  Zergling x2  
  26  3:12  Overseer  
  27  3:32  Zergling x4  
  28  3:49  Zergling x8  
  32  3:58  Drone x2  
  32  3:59  Queen  
  32  4:00  Overseer  
  36  4:10  Nydus Canal  
  36  4:13  Zergling x2  
  36  4:14  Zergling x2  
  36  4:15  Drone  
  36  4:41  Zergling x2  
  36  4:42  Zergling x6  
  39  4:46  Drone x3  
Show
View Real Time Build Order
Export as new Build Order

Monkey Terran 

Build Orders:  

Get SALT Encoding   

  12  0:00  SCV  
  13  0:13  SCV  
  14  0:23  Supply Depot  
  14  0:25  SCV  
  15  0:44  SCV  
  15  0:45  Barracks  
  16  0:54  Barracks  
  16  0:57  SCV  
  17  1:09  SCV  
  18  1:16  Barracks  
  18  1:29  SCV  
  19  1:38  Supply Depot  
  19  1:56  Orbital Command  
  19  1:58  Marine x2, Supply Depot  
  21  2:04  Marine  
  21  2:07  Refinery  
  22  2:21  Marine x2  
  22  2:22  Marine  
  25  2:23  SCV  
  26  2:36  SCV  
  27  2:38  Marine x2  
  27  2:39  Marine  
  30  2:53  SCV  
  30  2:56  Marine x2  
  30  2:57  Marine  
  33  2:58  Engineering Bay  
  33  2:59  Supply Depot  
  33  3:08  SCV  
  34  3:15  Barracks Tech Lab  
  34  3:17  Marine x2  
  36  3:20  SCV  
  36  3:25  Refinery  
  37  3:33  SCV, Combat Shield  
  38  3:35  Marine x2  
  40  3:49  Marine  
  40  3:51  SCV  
  40  3:52  Marine  
  43  3:58  Supply Depot  
  43  4:03  Marine  
  43  4:06  Marine  
  45  4:10  Marine  
  46  4:45  Marine x3  
  49  4:47  Supply Depot  
  49  4:50  Factory  
  49  4:53  Command Center  
  49  5:02  Marine  
  49  5:03  SCV  
  51  5:12  Marine  
  51  5:13  Marine  
  53  5:15  SCV  
Show
View Real Time Build Order
Export as new Build Order

Throwfordays Protoss 

Build Orders:  

Get SALT Encoding   

  12  0:00  Probe  
  13  0:12  Probe  
  14  0:18  Pylon  
  14  0:24  Probe  
  15  0:37  Probe  
  15  0:39  Forge  
  16  0:49  Probe  
  17  0:55  Gateway  
  17  1:07  Pylon  
  17  1:15  Assimilator  
  17  1:26  Photon Cannon  
  17  1:34  Probe  
  18  1:44  Cybernetics Core  
  18  1:46  Photon Cannon  
  18  1:48  Probe  
  19  2:00  Probe  
  20  2:08  Photon Cannon  
  20  2:13  Probe  
  21  2:20  Photon Cannon  
  21  2:36  Warp Gate  
  21  2:57  Photon Cannon  
  21  2:59  Photon Cannon  
  21  3:01  Assimilator  
  21  3:13  Nexus  
  21  3:20  Pylon  
  21  3:27  Probe  
  22  3:37  Pylon  
  22  3:39  Probe  
  23  3:50  Photon Cannon  
  23  3:51  Probe  
  24  3:58  Photon Cannon  
  24  4:06  Assimilator  
  24  4:10  Assimilator  
  24  4:23  Gateway  
  24  4:31  Photon Cannon  
  24  4:34  Adept  
  2  4:54  Probe  
  3  5:06  Probe  
  4  5:18  Probe  
Show
View Real Time Build Order
Export as new Build Order

Faust Zerg 

Build Orders: Hatch First 

Get SALT Encoding   

  12  0:04  Drone  
  13  0:12  Drone  
  14  0:15  Extractor  
  14  0:16  Drone  
  15  0:25  Overlord  
  15  0:43  Drone x2  
  17  0:58  Drone  
  17  1:00  Hatchery  
  17  1:04  Drone  
  18  1:06  Extractor  
  17  1:19  Spawning Pool  
  17  1:22  Drone  
  17  1:25  Drone  
  18  1:33  Drone  
  19  1:41  Overlord  
  19  2:09  Queen, Metabolic Boost  
  19  2:11  Zergling x2  
  19  2:12  Zergling x2  
  23  2:16  Queen  
  23  2:17  Zergling x2  
  23  2:18  Zergling x2  
  28  2:37  Drone  
  28  2:38  Drone x2  
  28  2:39  Drone  
  31  2:53  Lair  
  31  3:03  Hatchery  
  30  3:26  Drone  
  33  3:27  Drone x5  
  33  3:28  Overlord  
  34  3:57  Drone  
  34  3:58  Drone x5  
  34  4:01  Overlord x2  
  40  4:05  Baneling Nest  
  39  4:16  Drone  
  40  4:19  Queen, Drone x5  
  47  4:33  Zergling x10  
  47  4:34  Zergling x4  
  52  4:45  Drone x4  
  56  4:46  Overlord  
  56  4:52  Roach Warren  
  55  4:53  Baneling x3  
  55  5:01  Drone x5  
Tags
 
Add a new tag
Caveats
  • Supply blocks, unpowered buildings, or Contaminate may cause inaccurate times.
  • Supply counts are checked every 10 seconds.